 Dungeon Crawl Stone Soup version 0.31-a0-868-g674d60d6f7 (webtiles) character file.

Game seed: 8842328632570365531

417 wvc the Digger (level 6, 0/48 HPs)
             Began as a Gargoyle Earth Elementalist on Oct 11, 2023.
             Was an Initiate of Vehumet.
             Slain by a wraith (6 damage)
             ... on level 4 of the Dungeon.
             The game lasted 00:12:36 (4058 turns).

wvc the Digger (Gargoyle Earth Elementalist)        Turns: 4058, Time: 00:12:37

Health: 0/48       AC: 16    Str: 11    XL:     6   Next: 92%
Magic:  13/13      EV: 11    Int: 18    God:    Vehumet [......]
Gold:   168        SH:  0    Dex: 10    Spells: 10/14 levels left

rFire   + . .        a - +1 dagger (protect)
rCold   . . .        (no shield)
rNeg    + . .        k - +0 animal skin
rPois   ∞            l - +0 helmet
rElec   +            (no cloak)
rCorr   .            e - +1 pair of gloves
SInv    .            (no boots)
Will    .....        c - amulet of magic regeneration Stlth
                     j - ring of protection from fire
HPRegen 0.28/turn    (no ring)
MPRegen 0.53/turn

%: no passive effects
@: berserking, under a protective aura, hasted and slowed
A: sickness immunity, AC +4, negative energy resistance 1, electricity
resistance, torment resistance 1, petrification resistance
a: Renounce Religion


You were on level 4 of the Dungeon.
You worshipped Vehumet.
Vehumet was noncommittal.
You visited 2 branches of the dungeon, and saw 6 of its levels.

You collected 168 gold pieces.

Inventory:

Hand Weapons
 a - a +1 dagger of protection (weapon)
Missiles
 m - 6 curare-tipped darts
 n - 7 poisoned darts
Armour
 e - a +1 pair of gloves (worn)
 k - a +0 animal skin (worn)
 l - a +0 helmet (worn)
Jewellery
 c - an amulet of magic regeneration (around neck)
 h - the amulet of Elemental Vulnerability {rPois rF-- rC-- AC+8}
   (You found it on level 4 of the Dungeon)

   [amulet of nothing]

   AC+8:      It affects your AC (+8).
   rF--:      It makes you very vulnerable to fire.
   rC--:      It makes you very vulnerable to cold.
   rPois:     It protects you from poison
 j - a ring of protection from fire (left hand)
Talismans
 o - a maw talisman
Potions
 b - a potion of magic
 g - a potion of curing
 q - a potion of ambrosia


   Skills:
 - Level 1.5 Dodging
 - Level 2.1 Stealth
 + Level 4.9 Spellcasting
 - Level 0.7 Transmutations
 + Level 6.8 Earth Magic


You had 10 spell levels left.
You knew the following spells:

 Your Spells              Type           Power      Damage    Failure   Level
a - Sandblast             Erth           56%        2d13      1%          1
b - Stone Arrow           Conj/Erth      32%        3d9       10%         3

Your spell library contained the following spells:

 Spells                   Type           Power      Damage    Failure   Level
 Passwall                 Tmut/Erth      15%        N/A       4%          2
 Summon Small Mammal      Summ           16%        N/A       14%         1
 Petrify                  Tmut/Erth      18%        N/A       28%         4
 Animate Armour           Summ/Erth      32%        N/A       32%         4
 Brom's Barrelling Bould  Conj/Erth      16%        2d4       32%         4
 Call Canine Familiar     Summ           4%         N/A       38%         3
 Inner Flame              Hex/Fire       4%         N/A       38%         3
 Summon Guardian Golem    Hex/Summ       4%         N/A       38%         3
 Dispel Undead            Necr           4%         3d7       80%         4
 Flame Wave               Conj/Fire      4%         2d5       80%         4
 Sticky Flame             Conj/Fire      4%         2d3       80%         4
 Summon Forest            Summ/Tloc      2%         N/A       98%         5
 Summon Mana Viper        Hex/Summ       4%         N/A       98%         5
 Death Channel            Necr           2%         N/A       100%        6
 Summon Cactus Giant      Summ           2%         N/A       100%        6
 Lehudib's Crystal Spear  Conj/Erth      8%         10d3      100%        8
 Cigotuvi's Dreadful Rot  Necr/Pois/Air  Unusable   N/A       N/A         2

Dungeon Overview and Level Annotations

Branches:
Dungeon (5/15)             Temple (1/1) D:4

Altars:
Ashenzari
Cheibriados
Dithmenos
Elyvilon
Gozag
Hepliaklqana
Kikubaaqudgha
Makhleb
Nemelex Xobeh
Okawaru
Qazlal
Sif Muna
Vehumet

Shops:
D:2 =([   D:4 ?


Innate Abilities, Weirdness & Mutations

You are immune to sickness and miasma.
Your stone body is resilient. (AC +4)
You are immune to poison.
You resist negative energy. (rN+)
You are resistant to electric shocks. (rElec)
You are resistant to unholy torment.
You are immune to petrification.


Message History

* * * LOW HITPOINT WARNING * * *
The wraith drains your vigour!
You feel as though you will be slow longer.
The sentinel's mark upon you fades away.
The wraith hits you but does no damage.
You feel yourself speed up. The wraith closely misses you.
Casting: Sandblast (safe; 1% risk of failure)
Confirm with . or Enter, or press ? or * to list all spells.
Okay, then.
Casting: Stone Arrow (quite dangerous; 10% risk of failure)
Confirm with . or Enter, or press ? or * to list all spells.
Aiming: Stone Arrow (quite dangerous; 10% risk of failure)
Press: ? - help, Shift-Dir - straight line, f/p - wraith
Aim: a wraith (heavily damaged, 68% to hit)
The stone arrow hits the wraith!
The wraith is severely damaged.
The wraith hits you!
* * * LOW HITPOINT WARNING * * *
The wraith drains your vigour!
You feel as though you will be slow longer.
A red film seems to cover your vision as you go berserk!
You feel yourself moving faster!
You feel mighty! The wraith misses you.
You closely miss the wraith.
The wraith is severely damaged.
The wraith closely misses you.
You hit the wraith.
Your weapon exudes an aura of protection.
The wraith is almost destroyed.
The wraith hits you but does no damage.
You closely miss the wraith.
The wraith is almost destroyed.
The wraith hits you but does no damage.
You completely miss the wraith.
The wraith is severely damaged.
The wraith hits you.
* * * LOW HITPOINT WARNING * * *
You hit the wraith but do no damage.
The wraith is severely damaged.
The wraith hits you.
You die...

#.........#.......#
#.#.......#
#.........#.......#
#.#.##.##.#
#.........#.......#
#....#.....
#.........#.......#
###..#.....
#.........#.......#
#..##....
#.................#
#..####.#
#.........#.......#
#.......#
#####.###.###.W.###
##.######
#.........@...######.#
#
#####.#..............#
# #.#.......######## #
#.......### #
####....# ##### ##...#
#.... ##### ###.###
#...... #.#.##.


You could see a wraith.

Vanquished Creatures
  A howler monkey (D:4)
  An orc priest (D:4)
  2 iguanas (D:4)
  3 orc wizards (D:3)
  Robin (D:3)
  4 gnolls
  7 adders
  A worm (D:3)
  A dart slug (D:3)
  9 orcs
  3 ball pythons
  9 bats
  9 endoplasms
  5 giant cockroaches
  11 hobgoblins
  4 jackals (D:4)
  5 kobolds
  4 quokkas
  3 frilled lizards (D:2)
  15 goblins
  4 rats
102 creatures vanquished.

Vanquished Creatures (others)
  A human (D:3)
1 creature vanquished.

Grand Total: 103 creatures vanquished

Notes
Turn   | Place    | Note
-------+----------+-------------------------------------------
     0 | D:1      | wvc the Gargoyle Earth Elementalist began the quest for the
                  | Orb.
     0 | D:1      | Reached XP level 1. HP: 10/10 MP: 3/3
   166 | D:1      | Reached skill level 4 in Earth Magic
   352 | D:1      | Reached XP level 2. HP: 15/15 MP: 3/5
   985 | D:2      | Reached XP level 3. HP: 19/19 MP: 2/6
  1050 | D:2      | Noticed Robin
  1116 | D:3      | Killed Robin
  1294 | D:2      | Reached XP level 4. HP: 24/24 MP: 6/8
  1317 | D:2      | Reached skill level 5 in Earth Magic
  1621 | D:2      | Found an opulent altar of Gozag.
  1632 | D:2      | Found Heiguov's Jewellery Emporium.
  1849 | D:2      | Learned a level 3 spell: Stone Arrow
  1989 | D:2      | Found Lituisiso's Antique Armour Shoppe.
  2079 | D:2      | Found Udukunimp's Antique Weapon Shop.
  2524 | D:3      | Reached XP level 5. HP: 28/28 MP: 8/10
  2863 | D:3      | Reached skill level 6 in Earth Magic
  3005 | D:3      | Found an ancient bone altar of Kikubaaqudgha.
  3006 | D:3      | Noticed a human
  3010 | D:3      | Killed a human
  3176 | D:4      | Found Ewyinaoj's Magic Scroll Shoppe.
  3190 | D:3      | Identified a scroll of acquirement
  3190 | D:3      | Acquired a book of Armaments
  3224 | D:4      | Reached XP level 6. HP: 31/32 MP: 9/12
  3273 | D:4      | Found a staircase to the Ecumenical Temple.
  3279 | Temple   | Entered the Ecumenical Temple
  3305 | Temple   | Became a worshipper of Vehumet
  3881 | D:4      | Found the amulet of Elemental Vulnerability {rPois rF--
                  | rC-- AC+8}
  4018 | D:5      | Entered Level 5 of the Dungeon
  4030 | D:5      | Noticed a wraith
  4058 | D:4      | Slain by a wraith

Illustrated notes

Levels and vault maps discovered:
D:1:      sevenhm_arrival_forest_fort_small_3, layout_loops_ring
D:2:      layout_basic, serial_shops, shop, shop, nicolae_shop_tiny_glass,
          basic_altar, grunt_decor_one_mirror, uniq_robin
D:3:      layout_loops_ring, tgw_kikubaaqudgha
D:4:      layout_loops_cross, minmay_temple_entry_tees, serial_shops, shop
D:5:      dreamdust_elfheim, layout_rooms, chequers_serial_rivers_micro_c,
          minmay_misc_feat_iff, minmay_misc_feat_five, minmay_pentangle
Temple:   bh_familiar_temple

Skill      XL: |  1  2  3  4  5 |
---------------+----------------+-----
Earth Magic    | 4 5 6 |  6.8
Spellcasting   | 3 4 |  4.9
Dodging        | |  1.5
Stealth        | |  2.1
Transmutations | |  0.7

Action                     |  1- 3 |  4- 6 || total
---------------------------+-------+-------++-------
  Melee: Unarmed           |    14 |     1 ||    15
         Punch             |     1 |       ||     1
         Dagger            |       |     5 ||     5
  Throw: Dart              |       |     3 ||     3
   Cast: Sandblast         |    45 |   130 ||   175
         Stone Arrow       |       |     1 ||     1
    Use: Scroll            |     3 |     7 ||    10
         Potion            |     2 |     2 ||     4
 Armour: Robe              |    44 |     9 ||    53
         Animal skin       |       |    48 ||    48
  Dodge: Dodged            |    52 |    41 ||    93

Table legend: (Time is in decaauts)
 A = Elapsed time spent in this place.
 B = Non-inter-level travel time spent in this place.
 C = Inter-level travel time spent in this place.
 D = Time resting spent in this place.
 E = Time spent auto-exploring this place.
 F = Levels seen in this place.
 G = Mean time per level.
                   A        B        C        D        E       F      G
               +--------+--------+--------+--------+--------+-----+--------+
         Total |   4143 |   3982 |    161 |    211 |   2856 |   6 |  690.5 |
       Dungeon |   4026 |   3888 |    138 |    162 |   2856 |   5 |  805.2 |
        Temple |    117 |     94 |     23 |     49 |      0 |   1 |  117.0 |
               +--------+--------+--------+--------+--------+-----+--------+

Top non-repeatable levels by time:
     D:2: 1236 daAuts
     D:1: 1045 daAuts
     D:3: 972 daAuts
     D:4: 752 daAuts
  Temple: 117 daAuts
     D:5: 19 daAuts
